 Dungeon Crawl Stone Soup version 0.30.1-11-g7821555f0a (webtiles) character file.

Game seed: 984263027207687698

238 porpoise the Ducker (level 5, -2/40 HPs)
             Began as a Demonspawn Wanderer on Dec 8, 2023.
             Was an Initiate of Sif Muna.
             Slain by an ice beast (7 damage)
             ... on level 4 of the Dungeon.
             The game lasted 00:12:03 (3113 turns).

porpoise the Ducker (Demonspawn Wanderer)           Turns: 3113, Time: 00:12:04

Health: -2/40      AC:  5    Str: 11    XL:     5   Next: 78%
Magic:  5/5        EV: 14    Int: 15    God:    Sif Muna [......]
Gold:   181        SH:  0    Dex: 20    Spells: 4/4 levels left

rFire   . . .        a - +0 quarterstaff
rCold   . . .        (shield currently unavailable)
rNeg    . . .        b - +2 leather armour
rPois   .            (no helmet)
rElec   .            g - scarf {repulsion}
rCorr   .            (no gloves)
SInv    .            (no boots)
Will    .....        (no amulet)
Stlth   ++           l - +6 ring of intelligence
HPRegen 0.26/turn    (no ring)
MPRegen 0.09/turn

%: repel missiles
@: no status effects
A: powered by death 1, weakness stinger 2
a: Renounce Religion


You were on level 4 of the Dungeon.
You worshipped Sif Muna.
Sif Muna was noncommittal.
You visited 1 branch of the dungeon, and saw 4 of its levels.

You collected 181 gold pieces.

Inventory:

Hand Weapons
 a - a +0 quarterstaff (weapon)
Missiles
 j - 12 poisoned darts (quivered)
Armour
 b - a +2 leather armour (worn)
 g - a scarf of repulsion (worn)
Magical Staves
 r - a staff of cold
Jewellery
 l - a +6 ring of intelligence (left hand)
Wands
 s - a wand of polymorph (13)
Scrolls
 f - 3 scrolls of teleportation
 h - a scroll of poison {unknown}
 n - a scroll of amnesia {unknown}
 q - a scroll of blinking {unknown}
Potions
 c - a potion of curing
 d - 2 potions of brilliance
 e - 3 potions of flight
 i - a potion of attraction
 k - a potion of cancellation {unknown}
 m - 4 potions of heal wounds
 o - a potion of ambrosia {unknown}
 p - a potion of haste {unknown}


   Skills:
 + Level 2.9 Fighting
 * Level 3.7 Staves
 - Level 1.9 Armour
 - Level 4.0 Dodging
 - Level 2.6 Stealth


You had 4 spell levels left.
You didn't know any spells.
Your spell library contained the following spells:

 Spells                   Type           Power      Damage    Failure   Level
 Ozocubu's Armour         Ice            0%         N/A       71%         3
 Ozocubu's Refrigeration  Ice            0%         4d7       100%        7
 Chain Lightning          Conj/Air       0%         N/A       100%        9
 Fire Storm               Conj/Fire      0%         5d1       100%        9
 Shatter                  Erth           0%         3d5*      100%        9


Dungeon Overview and Level Annotations

Branches:
Dungeon (4/15)
 Temple: D:4-7

Altars:
Kikubaaqudgha
Qazlal
Sif Muna

Shops:
D:3 (


Innate Abilities, Weirdness & Mutations

You regenerate a little health from kills.
You have a tail ending in a sharp stinger.


Message History

No target in view!
You see here a hobgoblin corpse.
You now have 181 gold pieces (gained 8).
An ice beast comes into view.
The ice beast hits you but does no damage.
You sock the ice beast!
The ice beast is moderately wounded.
The ice beast closely misses you.
You hit the ice beast.
The ice beast is heavily wounded.
The ice beast hits you. The ice beast freezes you.
You hit the ice beast.
The ice beast is heavily wounded.
The ice beast closely misses you.
You hit the ice beast.
The ice beast is severely wounded.
The ice beast hits you but does no damage.
You hit the ice beast.
The ice beast is severely wounded.
The ice beast hits you. The ice beast freezes you!
You are too injured to fight recklessly!
You are too injured to fight recklessly!
You are too injured to fight recklessly!
You are too injured to fight recklessly!
You closely miss the ice beast.
Your tail-slap misses the ice beast.
The ice beast is severely wounded.
The ice beast hits you but does no damage.
You barely miss the ice beast.
The ice beast is severely wounded.
The ice beast hits you. The ice beast freezes you!
* * * LOW HITPOINT WARNING * * *
You hit the ice beast.
The ice beast is almost dead.
The ice beast hits you but does no damage.
You hit the ice beast.
The ice beast is almost dead.
The ice beast completely misses you. The ice beast hits you.
* * * LOW HITPOINT WARNING * * *
The ice beast freezes you!
You die...

#.# .#####.# ..
.......# ..#...[...#
. ..........## ...
... #....#######.....
##.###+......@.......
#...........#.Y......
#....†......+....#...
#..#..###...#....# .
#####'###...######
#...#.......
##...+........
#....##..######
####.##..####.#


You could see an ice beast.

Vanquished Creatures
  A scorpion (D:3)
  An orc wizard (D:2)
  5 adders
  3 worms
  2 dart slugs
  6 orcs
  4 bats
  5 endoplasms
  3 giant cockroaches
  10 goblins
  6 hobgoblins
  9 jackals
  2 quokkas
  7 ball pythons
  4 frilled lizards
  8 kobolds
  9 rats
85 creatures vanquished.

Notes
Turn   | Place    | Note
-------+----------+-------------------------------------------
     0 | D:1      | porpoise the Demonspawn Wanderer began the quest for the
                  | Orb.
     0 | D:1      | porpoise set off with the following items: a +0
                  | quarterstaff, a +2 leather armour, a potion of curing, a
                  | potion of brilliance.
     0 | D:1      | Reached XP level 1. HP: 15/15 MP: 1/1
   206 | D:1      | Gained mutation: You have a small tail. [demonic ancestry]
   206 | D:1      | Reached XP level 2. HP: 21/21 MP: 2/2
   626 | D:1      | Found a faded altar of an unknown god.
   716 | D:2      | Gained mutation: You regenerate a little health from kills.
                  | [demonic ancestry]
   716 | D:2      | Reached XP level 3. HP: 24/26 MP: 3/3
  1239 | D:2      | Reached XP level 4. HP: 33/33 MP: 4/4
  1523 | D:2      | Reached skill level 4 in Dodging
  2054 | D:3      | Found a stormy altar of Qazlal.
  2080 | D:3      | Found a shimmering blue altar of Sif Muna.
  2231 | D:3      | Gained mutation: You have a tail ending in a sharp stinger.
                  | [demonic ancestry]
  2231 | D:3      | Reached XP level 5. HP: 38/38 MP: 5/5
  2534 | D:3      | Found an ancient bone altar of Kikubaaqudgha.
  2768 | D:3      | Found Uzasageq's Weapon Shoppe.
  3026 | D:3      | Became a worshipper of Sif Muna the Loreminder
  3101 | D:4      | Noticed an ice beast
  3113 | D:4      | Slain by an ice beast

Illustrated notes

Levels and vault maps discovered:
D:1:      minmay_arrival_plants_in_alcoves, layout_basic,
          shapermc_ecumenical_altar_acropolis
D:2:      layout_loops_ring, chequers_big_river, nrook_mini_vaults
D:3:      minmay_razor_zed, layout_basic, minmay_overflow_temple_star_quad,
          old_standard_altar, serial_shops, nicolae_shop_behind_doors
D:4:      layout_gridville, mainiacjoe_overflow_alcove_1, minmay_fire_ice_demons

Skill      XL: |  1  2  3  4  5 |
---------------+----------------+-----
Stealth        | 2 |  2.6
Staves         | 2 3 |  3.7
Fighting       | 2 |  2.9
Dodging        | 4 |  4.0
Armour         | |  1.9

Action                     |  1- 3 |  4- 6 || total
---------------------------+-------+-------++-------
  Melee: Quarterstaff      |   123 |   148 ||   271
         Tailslap          |    10 |    16 ||    26
    Use: Scroll            |       |     4 ||     4
   Stab: Sleeping          |     4 |     6 ||    10
 Armour: Leather armour    |    42 |    48 ||    90
  Dodge: Dodged            |    79 |    86 ||   165
